AoeStats
← švist

Arena

505972327Analyzed
3v3 RM · 20d ago on Sep 11, 2026· 40m 56s· 6 players
Game mode
Random Map
Map size
Normal (6 player)
Population
200
Speed
Normal
Resources
Standard
Victory
Conquest
Starting age
Dark Age
Ending age
Imperial Age
RankedLock teamsTeams togetherTeam positionsShared explorationLock speedFull tech treeHidden civsTurbo modeCheats
Victory
Defeat
🇸🇮 Ethiopians · Slovenia
1108
+15
🇸🇮 Celts · Slovenia
1092
+15
🇸🇮 Franks · Slovenia
1008
+19
🇮🇹 Byzantines · Italy
1148
-19
🇨🇱 Byzantines · Chile
1037
-15
🇩🇪 Koreans · Germany
1034
-15
Ragnar
11:49 Feudal Age
12:49 Double-Bit Axe
13:02 Horse Collar
16:00 Castle Age
17:38 Gold Mining
25:09 Scale Mail Armor
28:15 Arson
28:31 Squires
29:51 Forging
31:48 Iron Casting
31:30 Chain Mail Armor
31:56 Wheelbarrow
31:52 Fletching
34:11 Hand Cart
37:47 Imperial Age
35:10 Loom
36:13 Bodkin Arrow
38:54 Heavy Scorpion
39:54 Bow Saw
40:33 Conscription
39:34 Elite Shotel Warrior
40:29 Bracer
41:00 Plate Mail Armor
41:31 Blast Furnace
41:15 Gold Shaft Mining
41:34 Siege Engineers
švist
11:11 Feudal Age
15:04 Castle Age
15:17 Double-Bit Axe
17:43 Horse Collar
23:44 Wheelbarrow
32:02 Imperial Age
30:04 Hand Cart
29:57 Scale Barding Armor
31:21 Scale Mail Armor
31:32 Forging
32:13 Bow Saw
32:00 Man-at-Arms
32:26 Gambesons
32:55 Long Swordsman
33:54 Stronghold
33:54 Two-Handed Swordsman
34:44 Champion
36:48 Chain Mail Armor
38:03 Plate Mail Armor
38:08 Iron Casting
39:50 Arson
justaclown
11:51 Feudal Age
17:23 Castle Age
16:09 Double-Bit Axe
18:00 Scale Barding Armor
18:46 Forging
19:03 Loom
21:57 Town Watch
26:01 Wheelbarrow
27:30 Bow Saw
27:45 Stone Mining
29:03 Hand Cart
34:13 Imperial Age
32:00 Husbandry
32:35 Gold Mining
33:51 Town Patrol
34:16 Chain Barding Armor
34:32 Iron Casting
35:38 Chivalry
35:04 Cavalier
Wurzelsepp
11:51 Feudal Age
13:36 Loom
16:13 Castle Age
15:02 Scale Mail Armor
14:52 Double-Bit Axe
15:05 Horse Collar
17:11 Bow Saw
18:04 Squires
20:38 Heavy Plow
21:18 Wheelbarrow
21:37 Town Watch
22:32 Arson
24:21 Scale Mail Armor
24:48 Gold Mining
25:26 Forging
26:07 Chain Mail Armor
26:23 Fletching
27:17 Iron Casting
28:17 Fortified Wall
28:47 Hand Cart
29:49 Masonry
32:42 Imperial Age
32:09 Gold Shaft Mining
33:55 Conscription
32:57 Elite Fire Lancer
34:45 Plate Mail Armor
yangcongze30
11:49 Feudal Age
16:04 Castle Age
18:07 Double-Bit Axe
18:26 Horse Collar
21:45 Wheelbarrow
21:44 Bow Saw
21:48 Loom
alexismdo1
7:53 Loom
11:07 Feudal Age
12:45 Loom
15:20 Castle Age
14:09 Double-Bit Axe
14:05 Horse Collar
16:36 Bow Saw
23:27 Wheelbarrow
23:46 Fortified Wall
24:34 Hand Cart
24:41 Pikeman
25:54 Forging
25:44 Scale Mail Armor
25:42 Stone Mining
26:04 Gambesons
26:19 Squires
27:13 Iron Casting
27:47 Chain Mail Armor
31:25 Fletching
34:39 Imperial Age
40:03 Imperial Age
Connection lost

Rejoining the realm…

Still unreachable

The connection could not be restored.

Session expired

The server has moved on; the page needs a fresh start.